 Dungeon Crawl Stone Soup version 0.29.1-1-gd02db6906a (webtiles) character file.

Game seed: 5879637277675664299

53 Metae the Shield-Bearer (level 3, 0/33 HPs)
             Began as a Minotaur Fighter on Sept 27, 2022.
             Slain by Terence
             ... wielding a +1 vorpal trident
              (4 damage)
             ... on level 2 of the Dungeon.
             The game lasted 00:03:51 (1374 turns).

Metae the Shield-Bearer (Minotaur Fighter)          Turns: 1374, Time: 00:03:51

Health: 0/33       AC: 10    Str: 22    XL:     3   Next: 64%
Magic:  2/2        EV:  7    Int:  5    God:
Gold:   82         SH:  5    Dex: 15    Spells: 2/2 levels left

rFire   . . .      SeeInvis .   a - +0 trident
rCold   . . .      Faith    .   c - +0 buckler
rNeg    . . .      Spirit   .   i - +0 chain mail
rPois   .          Reflect  .   (helmet restricted)
rElec   .          Harm     .   (no cloak)
rCorr   .          Rampage  .   (no gloves)
Will    .....                   b - +0 pair of boots
Stlth   ..........              (no amulet)
HPRegen 0.11/turn               j - +6 ring of dexterity
MPRegen 0.08/turn               (no ring)

@: mighty
A: horns 2, retaliatory headbutt
a: no special abilities


You were on level 2 of the Dungeon.
You visited 1 branch of the dungeon, and saw 2 of its levels.

You collected 82 gold pieces.

Inventory:

Hand Weapons
 a - a +0 trident (weapon)
 m - a +0 sling
Missiles
 g - 30 stones (quivered)
 o - 6 boomerangs
Armour
 b - a +0 pair of boots (worn)
 c - a +0 buckler (worn)
 i - a +0 chain mail (worn)
Jewellery
 j - a +6 ring of dexterity (left hand)
Scrolls
 e - a scroll of vulnerability {unknown}
 f - 2 scrolls of enchant armour {unknown}
 k - 2 scrolls of immolation {unknown}
 p - a scroll of identify {unknown}
Potions
 h - 2 potions of degeneration {unknown}
 l - 2 potions of curing {unknown}
 n - 2 potions of attraction {unknown}
 q - a potion of ambrosia {unknown}


   Skills:
 + Level 4.2 Fighting
 + Level 3.2 Polearms
 + Level 4.2 Armour
 + Level 4.2 Shields


You had 2 spell levels left.
You didn't know any spells.
Your spell library contained the following spells:

 Spells                   Type           Power      Damage    Failure   Level
 Apportation              Tloc           0%         N/A       99%         1
 Necrotise                Necr           0%         1d4       99%         1
 Summon Small Mammal      Summ           0%         N/A       99%         1


Dungeon Overview and Level Annotations

Branches:
Dungeon (2/15)

Altars:

Shops:
D:1 :

Annotations:
D:2 Terence


Innate Abilities, Weirdness & Mutations

You have a pair of horns on your head.
You reflexively headbutt those who attack you in melee.


Message History

Things that are here:
a frilled lizard corpse; a frilled lizard corpse An endoplasm comes into view.
The endoplasm quivers.
An endoplasm is nearby!
You reach to attack!
You puncture the endoplasm!
You kill the endoplasm!
No target in view!
Terence the Incautious comes into view.
He is wielding a +1 vorpal trident and wearing a +3 ring mail of willpower.
Terence shouts!
Found a stone staircase leading up.
A quokka comes into view.
The teleport trap disappears.
The quokka disappears!
The quokka moves out of view.
You reach to attack!
You barely miss Terence.
Terence hits you from afar with a +1 vorpal trident!
You reach to attack!
You hit Terence but do no damage.
Terence hits you from afar with a +1 vorpal trident.
You reach to attack!
You hit Terence but do no damage. Terence shouts, "Now you die!"
Terence hits you from afar with a +1 vorpal trident.
You feel very mighty all of a sudden.
Terence hits you from afar with a +1 vorpal trident.
Terence hits you with a +1 vorpal trident.
You hit Terence.
Terence is moderately wounded.
Terence hits you with a +1 vorpal trident.
* * * LOW HITPOINT WARNING * * *
x2 You barely miss Terence.
Terence is moderately wounded.
Terence hits you but does no damage.
Terence hits you with a +1 vorpal trident.
* * * LOW HITPOINT WARNING * * *
x2 You closely miss Terence.
Terence is moderately wounded.
Terence closely misses you. You furiously retaliate!
You headbutt Terence. You puncture Terence!
Terence is almost dead.
Terence hits you with a +1 vorpal trident.
You die...

.## ### <# .... ..
.# ....##.## .##
.#....... ..#
........##..####
#.............
####@@.#..##
.............#
..###.#....###
###.#.#.####.#.
#..............
#............#.
###+###.#.######.#
#.......#....# #
#.......#.##.#


You could see Terence.

Vanquished Creatures
  2 dart slugs (D:1)
  6 ball pythons (D:1)
  7 endoplasms
  3 giant cockroaches
  3 goblins (D:1)
  3 hobgoblins (D:1)
  5 kobolds (D:1)
  A quokka (D:1)
  4 bats
  10 frilled lizards
  4 rats (D:1)
48 creatures vanquished.

Vanquished Creatures (others)
  2 plants (D:2)
2 creatures vanquished.

Grand Total: 50 creatures vanquished

Notes
Turn   | Place    | Note
-------+----------+-------------------------------------------
     0 | D:1      | Metae the Minotaur Fighter began the quest for the Orb.
     0 | D:1      | Reached XP level 1. HP: 19/19 MP: 0/0
   261 | D:1      | Found a faded altar of an unknown god.
   264 | D:1      | Reached XP level 2. HP: 27/27 MP: 1/1
   297 | D:1      | Found Cuogigro's Book Boutique.
   478 | D:1      | Reached XP level 3. HP: 33/33 MP: 2/2
  1362 | D:2      | Noticed Terence
  1374 | D:2      | Slain by Terence

Illustrated notes

Levels and vault maps discovered:
D:1:      lightli_molten_gateway, layout_basic,
          shapermc_ecumenical_altar_notcrosses, serial_shops,
          nicolae_shop_trees, minmay_stone_trees_medium, minmay_liquid_box,
          minmay_vboxes
D:2:      layout_basic, minmay_lizard_king, uniq_terence

Skill      XL: |  1  2 |
---------------+-------+-----
Armour         | 4 |  4.2
Shields        | 4 |  4.2
Fighting       | 4 |  4.2
Polearms       | 3 |  3.2

Action                   || total
-------------------------++-------
Melee: Trident           ||    91
       Headbutt          ||     6
  Use: Potion            ||     1
 Stab: Distracted        ||     1
Armor: Scale mail        ||    14
       Chain mail        ||    16
Dodge: Dodged            ||    25
Block: Buckler           ||     7
